 Dungeon Crawl Stone Soup version 0.31.0-32-g396128a36d (webtiles) character file.

Game seed: 7675466207348909230

1114 monsoonserge the Ruffian (level 8, -3/70 HPs)
             Began as a Troll Fighter on Mar 16, 2024.
             Slain by Edmund
             ... wielding a +2 flail of venom
              (11 damage)
             ... on level 5 of the Dungeon.
             The game lasted 00:10:30 (2791 turns).

monsoonserge the Ruffian (Troll Fighter)            Turns: 2791, Time: 00:10:31

Health: -3/70      AC:  4    Str: 25    XL:     8   Next: 12%
Magic:  7/7        EV:  9    Int:  4    God:
Gold:   184        SH:  8    Dex: 11    Spells: 7/7 levels left

rFire   . .          .
                       - Unarmed
rCold   . . .        b - +0 kite shield
rNeg    . . .        a - +0 robe
rPois   .            (helmet restricted)
rElec   .            (no cloak)
rCorr   .            (gloves unavailable)
SInv    .            (boots unavailable)
Will    .....        (no amulet)
Stlth   +            (no ring)
HPRegen 1.11/turn    (no ring)
MPRegen 0.10/turn

%: no passive effects
@: lethally poisoned (-3 -> -6)
A: large, unfitting armour, claws 3, regeneration 1, shaggy fur 1, tough skin 1,
hooves 1, frail 1, persistent drain
a: no special abilities


You were on level 5 of the Dungeon.
You visited 1 branch of the dungeon, and saw 5 of its levels.

You collected 184 gold pieces.

Inventory:

Missiles
 j - 5 javelins
 q - 15 poisoned darts (quivered)
Armour
 a - a +0 robe (worn)
 b - a +0 kite shield (worn)
Scrolls
 e - a scroll of enchant armour {unknown}
 f - a scroll of identify {unknown}
 l - 2 scrolls of teleportation {unknown}
 n - 2 scrolls of vulnerability {unknown}
Potions
 c - a potion of might
 d - a potion of mutation
 h - 2 potions of ambrosia
 i - a potion of degeneration {unknown}
 k - a potion of cancellation {unknown}
 m - a potion of berserk rage {unknown}
 o - a potion of resistance {unknown}
 p - a potion of attraction {unknown}


   Skills:
 + Level 4.2 Fighting
 + Level 4.3 Dodging
 + Level 4.7 Shields
 * Level 6.3 Unarmed Combat


You had 7 spell levels left.
You didn't know any spells.
Your spell library contained the following spells:

 Spells                   Type           Power      Damage    Failure   Level
 Gell's Gravitas          Tloc           0%         N/A       98%         3
 Volatile Blastmotes      Fire/Tloc      0%         2d10      98%         3
 Eringya's Noxious Bog    Alch           0%         4d6       100%        6


Dungeon Overview and Level Annotations

Branches:
Dungeon (5/15)
 Temple: D:4-7

Altars:
Fedhas
Gozag
Okawaru
Qazlal
Ru
Sif Muna
Yredelemnul
Zin

Portals:
Abyss: D:3

Annotations:
D:3 2 transporters, PaiMei's ghost, amateur HOFi
D:5 Edmund


Innate Abilities, Weirdness & Mutations

You are too large for most types of armour.
You have claws for hands.
Your natural rate of healing is unusually fast.
You are covered in fur. (AC +1)
You have tough skin. (AC +1)
You have large cloven feet.
You are frail. (-10% HP)
Your health recovers twice as slowly from being drained.


Message History

* * * LOW HITPOINT WARNING * * *
You feel very sick. You block Edmund's attack.
You aren't carrying any items that you can evoke.
You are seriously poisoned (11 -> 3).
Your movement speed is average.
Your attack delay is about 0.9 (and is slowed by your shield).
Your damage rating with unarmed combat is about 22 (Base [9 + 6 (UC)] x 137% (Str) x 107% (Fight)).
It was a potion of ambrosia.
You are confused.
You feel invigorated.
You feel very sick.
Edmund hits you with a +2 flail of venom!
* * * LOW HITPOINT WARNING * * *
You are more poisoned.
You closely miss Edmund.
Edmund is heavily wounded.
* * * LOW HITPOINT WARNING * * *
You feel extremely sick. Edmund barely misses you.
It was a potion of mutation.
You feel extremely strange.
You begin to recover more slowly from draining effects.
You feel frail.
Your feet thicken and deform.
You feel less invigorated.
You feel less confused.
* * * LOW HITPOINT WARNING * * *
You feel very sick. Edmund barely misses you.
It was a potion of curing.
You feel better.
Edmund hits you with a +2 flail of venom.
* * * LOW HITPOINT WARNING * * *
You are poisoned.
You are quite poisoned (10 -> 5).
Your movement speed is average.
Your attack delay is about 0.9 (and is slowed by your shield).
Your damage rating with unarmed combat is about 22 (Base [9 + 6 (UC)] x 137% (Str) x 107% (Fight)).
You barely miss Edmund. You kick Edmund, but do no damage.
Edmund is heavily wounded.
You feel very sick.
Edmund hits you with a +2 flail of venom!
You die...
Edmund says, "I'd like to see a scythe do that!"

#....## #.........
##.....###.........
#..................
#..................
#...##....##........
#..##
#...###........ ..#
##†.# ##....... .#
#@## #...... #@#
##.... ##.# #...
#..# ### #..# #..##
#...## ##...# ##..##
###.#


You could see Edmund.

Vanquished Creatures
  Pikel (D:3)
  A black bear (D:3)
  3 lemures (D:4)
  A kobold brigand (D:4)
  A scorpion (D:5)
  A bombardier beetle (D:3)
  A jelly (D:4)
  A hound (D:5)
  2 sleepcaps
  An iguana (D:5)
  Natasha (thrice) (D:3)
  Robin (D:4)
  5 gnolls
  5 adders
  5 dart slugs
  2 ribbon worms
  2 orcs
  2 bats
  12 endoplasms
  8 giant cockroaches
  9 goblins
  12 hobgoblins
  7 jackals
  5 kobolds
  2 quokkas
  6 ball pythons
  A frilled lizard (D:2)
  4 rats
104 creatures vanquished.

Notes
Turn   | Place    | Note
-------+----------+-------------------------------------------
     0 | D:1      | monsoonserge the Troll Fighter began the quest for the Orb.
     0 | D:1      | Reached XP level 1. HP: 22/22 MP: 0/0
    14 | D:1      | You fall into a shaft and drop 1 floor!
    41 | D:2      | Reached XP level 2. HP: 28/29 MP: 1/1
    42 | D:2      | Found a blossoming altar of Fedhas.
    64 | D:2      | Identified the +0 ring mail of Joplaes {rPois rF- rCorr}
   280 | D:1      | Reached XP level 3. HP: 33/36 MP: 2/2
   774 | D:2      | Found a faded altar of an unknown god.
   802 | D:2      | Reached skill level 3 in Unarmed Combat
   836 | D:2      | Got Niokhlaomo's Octavo of Quantum Hermetica
  1108 | D:3      | Noticed Natasha
  1122 | D:3      | Killed Natasha
  1123 | D:3      | Reached XP level 4. HP: 44/44 MP: 3/3
  1251 | D:3      | Noticed Natasha
  1257 | D:3      | Killed Natasha
  1258 | D:3      | Reached XP level 5. HP: 53/53 MP: 4/4
  1277 | D:3      | Noticed Natasha
  1283 | D:3      | Killed Natasha
  1284 | D:3      | Reached skill level 4 in Unarmed Combat
  1429 | D:3      | Found a stormy altar of Qazlal.
  1450 | D:3      | Found a transporter.
  1456 | D:3      | Noticed a toenail golem
  1498 | D:3      | Noticed a small abomination
  1499 | D:3      | Found a transporter.
  1527 | D:3      | Found a one-way gate to the infinite horrors of the Abyss.
  1527 | D:3      | Noticed PaiMei's ghost (amateur HOFi)
  1569 | D:3      | Found a glowing silver altar of Zin.
  1717 | D:4      | Noticed Pikel
  1717 | D:4      | Noticed a lemure
  1717 | D:4      | Noticed a lemure
  1717 | D:4      | Noticed a lemure
  1717 | D:4      | Noticed a lemure
  1772 | D:4      | Killed a lemure
  1775 | D:4      | Killed a lemure
  1781 | D:4      | Killed a lemure
  1794 | D:4      | Found an iron altar of Okawaru.
  1797 | D:4      | Found a blossoming altar of Fedhas.
  1811 | D:4      | Reached XP level 6. HP: 58/61 MP: 5/5
  1814 | D:4      | Found an opulent altar of Gozag.
  1950 | D:4      | Noticed Robin
  1975 | D:4      | Killed Robin
  2033 | D:4      | Found a shimmering blue altar of Sif Muna.
  2184 | D:4      | Reached skill level 5 in Unarmed Combat
  2344 | D:4      | Reached XP level 7. HP: 67/67 MP: 6/6
  2434 | D:4      | Found a sacrificial altar of Ru.
  2436 | D:4      | Found a basalt altar of Yredelemnul.
  2593 | D:3      | Killed Pikel
  2594 | D:3      | Reached skill level 6 in Unarmed Combat
  2647 | D:5      | Entered Level 5 of the Dungeon
  2711 | D:5      | Reached XP level 8. HP: 78/78 MP: 7/7
  2760 | D:5      | Noticed Edmund
  2788 | D:5      | HP: 1/78 [poisoned by Edmund]
  2789 | D:5      | Gained mutation: Your health recovers twice as slowly from
                  | being drained. [potion of mutation]
  2789 | D:5      | Gained mutation: You are frail. (-10% HP) [potion of
                  | mutation]
  2789 | D:5      | Gained mutation: You have large cloven feet. [potion of
                  | mutation]
  2791 | D:5      | Slain by Edmund

Illustrated notes

Levels and vault maps discovered:
D:1:      dpeg_arrival_boxorama, layout_basic
D:2:      layout_rooms, hellmonk_ecumenical_altar_dog_temple, basic_altar
D:3:      layout_basic, mainiacjoe_overflow_large_starburst,
          gammafunk_ghost_abyssal_escape, uniq_natasha
D:4:      dreamdust_elfheim, layout_layer_cave, lemuel_crystal_altar,
          nicolae_overflow_hidden_temple, grunt_temple_overflow_open,
          uniq_pikel, uniq_robin
D:5:      lemuel_ratsnest, layout_layer_cave, gammafunk_ghost_arena, uniq_edmund

Skill      XL: |  1  2  3  4  5  6  7 |
---------------+----------------------+-----
Shields        | 3 4 |  4.7
Unarmed Combat | 3 4 5 6 |  6.3
Fighting       | 3 4 |  4.2
Dodging        | 3 4 |  4.3

Action                     |  1- 3 |  4- 6 |  7- 9 || total
---------------------------+-------+-------+-------++-------
  Melee: Unarmed           |    99 |   148 |    51 ||   298
         Kick              |       |       |     1 ||     1
    Use: Potion            |       |       |     3 ||     3
   Stab: Sleeping          |     2 |       |       ||     2
 Armour: Robe              |    51 |    78 |    27 ||   156
  Dodge: Dodged            |    22 |    38 |    10 ||    70
  Block: Kite shield       |    34 |    60 |    20 ||   114
